 Dungeon Crawl Stone Soup version 0.29.1 (webtiles) character file.

Game seed: 1636070041843369136

8384 qw the Cleaver (level 11, -2/69 HPs)
             Began as a Gargoyle Fighter on Sept 13, 2022.
             Was an Elder of Okawaru.
             Slain by a blink frog (12 damage)
             ... on level 1 of the Lair of Beasts.
             The game lasted 00:03:38 (10187 turns).

qw the Cleaver (Gargoyle Fighter)                  Turns: 10187, Time: 00:03:38

Health: -2/69      AC: 24    Str: 29    XL:     11   Next: 30%
Magic:  16/16      EV: 13    Int: 10    God:    Okawaru [****..]
Gold:   263        SH:  6    Dex:  9    Spells: 10/10 levels left

rFire   . . .      SeeInvis .   q - +0 morningstar
rCold   . . .      Faith    .   c - +0 buckler
rNeg    + . .      Spirit   .   i - +0 plate armour
rPois   inf        Reflect  .   (helmet restricted)
rElec   +          Harm     .   g - +0 cloak
rCorr   .          Rampage  .   (no gloves)
Will    .....                   (no boots)
Stlth   ..........              k - amulet of regeneration
HPRegen 1.01/turn               t - +6 ring of strength
MPRegen 0.15/turn               r - +4 ring of evasion

@: about to teleport, heroic
A: sickness immunity, AC +8, negative energy resistance 1, electricity
resistance, torment resistance 1, petrification resistance, horns 1, subdued
magic 1
a: Renounce Religion, Heroism, Finesse


You were on level 1 of the Lair of Beasts.
You worshipped Okawaru.
Okawaru was greatly pleased with you.
You visited 2 branches of the dungeon, and saw 12 of its levels.

You collected 568 gold pieces.
You spent 305 gold pieces at shops.


Innate Abilities, Weirdness & Mutations

You are immune to sickness and miasma.
Your stone body is resilient. (AC +8)
You are immune to poison.
You resist negative energy. (rN+)
You are resistant to electric shocks. (rElec)
You are resistant to unholy torment.
You are immune to petrification.
You have a pair of small horns on your head.
Your spells are a little easier to cast, but a little less powerful.


   Skills:
 - Level 8.6(13.6) Fighting
 + Level 10.9(15.9) Axes
 - Level 3.9(8.9) Throwing
 - Level 6.0(11.0) Armour
 - Level 1.2(6.2) Dodging
 - Level 5.3(10.3) Shields
 + Level 7.5 Invocations


You had 10 spell levels left.
You didn't know any spells.
Your spell library was empty.

Inventory:

Hand Weapons
 q - a +0 morningstar (weapon)
 Y - a +4 war axe
Missiles
 e - 2 boomerangs (quivered)
 m - a javelin
Armour
 c - a +0 buckler (worn)
 g - a +0 cloak (worn)
 i - a +0 plate armour (worn)
 s - +2 acid dragon scales
Jewellery
 k - an amulet of regeneration (around neck)
 r - a +4 ring of evasion (right hand)
 t - a +6 ring of strength (left hand)
 w - a ring of protection from cold
Wands
 v - a wand of digging (3)
Scrolls
 j - 5 scrolls of identify
 l - a scroll of teleportation
Potions
 a - 3 potions of curing
 d - 2 potions of might
 f - 3 potions of lignification
 n - a potion of mutation
 o - a potion of haste
 p - a potion of cancellation
 u - a potion of attraction

Dungeon Overview and Level Annotations

Branches:
Dungeon (11/15)            Temple (0/1) D:6            Lair (1/5) D:9
    Orc: D:9-12

Altars:
Cheibriados
Fedhas
Gozag
Okawaru
Qazlal
Trog
Wu Jian
Xom
The Shining One

Shops:
D:1 *   D:3 [   D:7 **=   D:8 *(

Annotations:
D:7 1 runed translucent door, Crazy Yiuf
D:9 2 runed translucent doors


Message History

You feel much better. The seven-headed hydra bites you.
The seven-headed hydra misses you. The seven-headed hydra bites you.
The seven-headed hydra bites you but does no damage.
The seven-headed hydra bites you! x2
The seven-headed hydra bites you but does no damage.
You hit the seven-headed hydra.
The seven-headed hydra is almost dead.
You hear the faint crackling of a distant melting archway.
The seven-headed hydra bites you but does no damage. x2
You block the seven-headed hydra's attack.
The seven-headed hydra bites you but does no damage.
You block the seven-headed hydra's attack.
The seven-headed hydra bites you. The seven-headed hydra misses you.
You hit the seven-headed hydra.
The seven-headed hydra is almost dead.
The seven-headed hydra barely misses you.
You block the seven-headed hydra's attack.
The seven-headed hydra completely misses you.
The seven-headed hydra barely misses you.
The seven-headed hydra misses you. x2
The seven-headed hydra bites you but does no damage.
You hit the seven-headed hydra but do no damage.
The seven-headed hydra is severely wounded.
Your surroundings suddenly seem different.
A six-headed hydra, 5 yaks and 5 blink frogs come into view.
The six-headed hydra roars!
The yak bellows! x4; The blink frog croaks.
The blink frog gives a loud, deep croak! x3
You hear a croak.
The yak completely misses you. The blink frog closely misses you.
Enter note:
10186 ||| READING 2 scrolls of teleportation.
As you read the scroll of teleportation, it crumbles to dust.
You feel strangely unstable.
The blink frog closely misses you. x2; You block the yak's attack.
The blink frog blinks!
10187 ||| Stepping ~*~*~tactically~*~*~ (outnumbered).
The yak attacks as you move away! The yak gores you but does no damage.
The blink frog hits you. The yak barely misses you. The blink frog hits you!
You die...

###
####..#########
..............
##..........
#.....D...
#...YYY#
#...YFY##
+....F@.+
#....FF.#
#.......##
##......#
#......#
.........
.........
.........


You could see a six-headed hydra, 5 yaks and 4 blink frogs.

Vanquished Creatures
  Erica (D:8)
  Pikel (D:8)
  Maurice (D:8)
  Joseph (D:7)
  A cane toad (Lair:1)
  Maggie (D:7)
  Prince Ribbit (D:8)
  Sigmund (D:2)
  9 yaks
  A wyvern (D:7)
  Eustachio (D:5)
  A steam dragon (D:9)
  2 water moccasins (D:6)
  2 ice beasts (D:5)
  2 orc warriors
  3 sky beasts
  2 black bears (D:5)
  2 ogres
  3 centaurs
  3 lemures (D:8)
  2 necrophages (D:6)
  2 gnoll sergeants
  3 bullfrogs
  A scorpion (D:4)
  6 wights
  14 killer bees
  3 electric eels (D:8)
  10 howler monkeys
  A jelly (D:6)
  5 hounds
  5 iguanas
  4 orc wizards
  16 gnolls
  7 adders
  A shadow imp (D:5)
  A white imp (D:6)
  A worm (D:3)
  7 dart slugs
  21 orcs
  10 endoplasms
  5 giant cockroaches
  6 goblins
  11 hobgoblins
  6 jackals
  6 quokkas
  5 ball pythons
  7 bats
  3 frilled lizards
  8 kobolds
  4 rats
220 creatures vanquished.

Vanquished Creatures (others)
  4 fungi
  3 plants
7 creatures vanquished.

Grand Total: 227 creatures vanquished

Notes
Turn   | Place    | Note
-------+----------+-------------------------------------------
     0 | D:1      | qw the Gargoyle Fighter began the quest for the Orb.
     0 | D:1      | Reached XP level 1. HP: 14/14 MP: 1/1
     0 | D:1      | 0 ||| qw: Version: 0.1-a-119-g272c26d
     0 | D:1      | 0 ||| qw: Game counter: 11292
     0 | D:1      | 0 ||| qw: Always use a shield: true
     0 | D:1      | 0 ||| qw: God list: Okawaru
     0 | D:1      | 0 ||| qw: Allow faded altars: false
     0 | D:1      | 0 ||| qw: Do Orc after D:15 true
     0 | D:1      | 0 ||| qw: Do second Lair branch before Depths: true
     0 | D:1      | 0 ||| qw: Lair rune preference: random
     0 | D:1      | 0 ||| qw: Plans: Normal, Zot, God:TSO, Crypt, Tomb, Pan,
                  | Slime, Hells, Zig, Abyss, Orb
     0 | D:1      | 0 ||| PLANNING D:1-11
    23 | D:1      | Reached skill level 2 in Axes
   123 | D:1      | 123 ||| Stepping ~*~*~tactically~*~*~ (stealth).
   124 | D:1      | 124 ||| Stepping ~*~*~tactically~*~*~ (stealth).
   130 | D:1      | Reached XP level 2. HP: 19/19 MP: 2/2
   281 | D:1      | 281 ||| Stepping ~*~*~tactically~*~*~ (stealth).
   284 | D:1      | 284 ||| Stepping ~*~*~tactically~*~*~ (stealth).
   382 | D:1      | Found Vikh's Assorted Antiques.
   389 | D:1      | 389 ||| SHOPLISTING bubbling amethyst potion (18 gold, have
                  | 12).
   389 | D:1      | 389 ||| SHOPLISTING murky white potion (18 gold, have 12).
   389 | D:1      | 389 ||| SHOPLISTING pair of gloves (94 gold, have 12).
   389 | D:1      | 389 ||| SHOPLISTING runed tower shield (157 gold, have 12).
   389 | D:1      | 389 ||| SHOPLISTING scroll labelled FULAUT IMPO (21 gold,
                  | have 12).
   389 | D:1      | 389 ||| SHOPLISTING small jade ring (105 gold, have 12).
   453 | D:1      | Reached skill level 3 in Axes
   505 | D:1      | Reached XP level 3. HP: 23/23 MP: 3/3
   621 | D:1      | 621 ||| Stepping ~*~*~tactically~*~*~ (stealth).
   759 | D:1      | 759 ||| Stepping ~*~*~tactically~*~*~ (stealth).
   760 | D:1      | 760 ||| Stepping ~*~*~tactically~*~*~ (stealth).
  1189 | D:1      | 1189 ||| READING scroll labelled TEMAUREONEFF.
  1190 | D:1      | 1190 ||| READING scroll labelled DASILI VAROSCH.
  1291 | D:1      | 1291 ||| READING scroll labelled SAROAMOMMA.
  1292 | D:1      | 1292 ||| READING scroll labelled CEDEUS AR ANU.
  1293 | D:1      | 1293 ||| DRINKING 3 bubbling amethyst potions.
  1329 | D:2      | Noticed Sigmund
  1333 | D:2      | 1333 ||| DRINKING 2 potions of curing.
  1333 | D:2      | 1333 ||| (to cure confusion)
  1341 | D:2      | Killed Sigmund
  1342 | D:2      | Reached skill level 3 in Throwing
  1342 | D:2      | Reached XP level 4. HP: 28/28 MP: 4/4
  1342 | D:2      | Reached XP level 5. HP: 32/32 MP: 5/5
  1434 | D:2      | Reached XP level 6. HP: 37/37 MP: 6/6
  1513 | D:2      | 1513 ||| DROPPING +0 club.
  1553 | D:2      | 1553 ||| Stepping ~*~*~tactically~*~*~ (hiding).
  1556 | D:2      | 1556 ||| Stepping ~*~*~tactically~*~*~ (hiding).
  1573 | D:2      | 1573 ||| DRINKING potion of curing.
  1573 | D:2      | 1573 ||| (to cure confusion)
  1669 | D:2      | 1669 ||| FLEEEEING.
  1674 | D:2      | Reached skill level 4 in Axes
  1885 | D:2      | Identified the +1 chain mail "Gilizi" {Rampage Str+4}
  2066 | D:2      | Found a faded altar of an unknown god.
  2120 | D:2      | 2120 ||| UPGRADING to +1 chain mail "Gilizi" {Rampage
                  | Str+4}.
  2130 | D:2      | 2130 ||| DROPPING +0 scale mail.
  2131 | D:2      | 2131 ||| READING scroll labelled HYMMONLIFF.
  2132 | D:2      | 2132 ||| READING scroll labelled ROGAUCSUFUR.
  2133 | D:2      | 2133 ||| READING 2 scrolls labelled FULAUT IMPO.
  2134 | D:2      | 2134 ||| READING 2 scrolls labelled RIETSAZ BIAV.
  2137 | D:2      | 2137 ||| DRINKING 2 viscous purple potions.
  2138 | D:2      | 2138 ||| DROPPING potion of invisibility.
  2161 | D:3      | 2161 ||| STAIRDANCE
  2166 | D:3      | 2166 ||| STAIRDANCE
  2235 | D:3      | 2235 ||| STAIRDANCE
  2318 | D:3      | 2318 ||| Stepping ~*~*~tactically~*~*~ (stealth).
  2582 | D:3      | Found an iron altar of Okawaru.
  2643 | D:3      | Found Coute's Antique Armour Shop.
  2646 | D:3      | 2646 ||| SHOPLISTING pair of gloves (126 gold, have 119).
  2646 | D:3      | 2646 ||| SHOPLISTING polished plate armour (784 gold, have
                  | 119).
  2646 | D:3      | 2646 ||| SHOPLISTING runed scale mail (196 gold, have 119).
  2700 | D:3      | 2700 ||| UPGRADING to +0 cloak.
  2705 | D:3      | 2705 ||| READING scroll labelled ASAPHE KUGO.
  2706 | D:3      | 2706 ||| DRINKING 2 murky cyan potions.
  2707 | D:3      | 2707 ||| DROPPING potion of brilliance.
  2749 | D:3      | Became a worshipper of Warmaster Okawaru
  2937 | D:4      | 2937 ||| Stepping ~*~*~tactically~*~*~ (hiding).
  2942 | D:4      | Reached skill level 5 in Axes
  2942 | D:4      | Reached XP level 7. HP: 36/41 MP: 7/7
  3034 | D:4      | 3034 ||| DROPPING +0 whip.
  3062 | D:4      | 3062 ||| Stepping ~*~*~tactically~*~*~ (stealth).
  3063 | D:4      | 3063 ||| Stepping ~*~*~tactically~*~*~ (stealth).
  3327 | D:4      | 3327 ||| Stepping ~*~*~tactically~*~*~ (stealth).
  3647 | D:4      | 3647 ||| UPGRADING to ring of protection from cold.
  3648 | D:4      | 3648 ||| READING scroll labelled DYSAQE IVAL.
  3663 | D:5      | Entered Level 5 of the Dungeon
  3760 | D:5      | Noticed Eustachio
  3762 | D:5      | 3762 ||| Stepping ~*~*~tactically~*~*~ (hiding).
  3763 | D:5      | 3763 ||| Stepping ~*~*~tactically~*~*~ (hiding).
  3786 | D:5      | Killed Eustachio
  3786 | D:5      | Reached * piety under Okawaru
  3787 | D:5      | Reached skill level 6 in Axes
  3900 | D:5      | 3900 ||| INVOKING Heroism.
  3911 | D:5      | Reached skill level 1 in Dodging
  3911 | D:5      | Reached skill level 1 in Invocations
  3911 | D:5      | Reached XP level 8. HP: 47/48 MP: 6/9
  4035 | D:5      | 4035 ||| Stepping ~*~*~tactically~*~*~ (stealth).
  4037 | D:5      | 4037 ||| INVOKING Heroism.
  4102 | D:5      | Found a bloodstained altar of Trog.
  4149 | D:5      | 4149 ||| Stepping ~*~*~tactically~*~*~ (stealth).
  4153 | D:5      | Reached skill level 3 in Invocations
  4162 | D:5      | 4162 ||| INVOKING Heroism.
  4170 | D:5      | Reached ** piety under Okawaru
  4176 | D:5      | Reached skill level 7 in Axes
  4178 | D:5      | 4178 ||| INVOKING Heroism.
  4515 | D:5      | 4515 ||| READING scroll labelled RETEGOCW ZAEGEQ.
  4516 | D:5      | 4516 ||| DRINKING 2 purple potions.
  4517 | D:5      | 4517 ||| READING 2 scrolls of identify.
  4517 | D:5      | 4517 ||| IDENTIFYING yellow potion
  4545 | D:6      | 4545 ||| DROPPING +0 flail.
  4546 | D:6      | 4546 ||| Stepping ~*~*~tactically~*~*~ (stealth).
  4555 | D:6      | 4555 ||| Stepping ~*~*~tactically~*~*~ (stealth).
  4591 | D:6      | 4591 ||| INVOKING Heroism.
  4720 | D:6      | 4720 ||| FLEEEEING.
  4729 | D:6      | 4729 ||| STAIRDANCE
  4782 | D:5      | 4782 ||| DRINKING 2 sapphire potions.
  4801 | D:6      | 4801 ||| INVOKING Heroism.
  4808 | D:6      | Reached skill level 8 in Axes
  4808 | D:6      | Reached XP level 9. HP: 51/54 MP: 9/12
  4917 | D:6      | Found a staircase to the Ecumenical Temple.
  4962 | D:6      | Reached skill level 6 in Fighting
  4999 | D:6      | 4999 ||| Stepping ~*~*~tactically~*~*~ (stealth).
  5000 | D:6      | 5000 ||| Stepping ~*~*~tactically~*~*~ (stealth).
  5014 | D:6      | 5014 ||| INVOKING Heroism.
  5149 | D:6      | 5149 ||| Stepping ~*~*~tactically~*~*~ (stealth).
  5151 | D:6      | 5151 ||| STAIRDANCE
  5160 | D:5      | 5160 ||| DRINKING 2 bubbling dark potions.
  5261 | D:5      | 5261 ||| DRINKING 2 murky white potions.
  5261 | D:5      | Gained mutation: Your spells are a little easier to cast,
                  | but a little less powerful. [potion of mutation]
  5261 | D:5      | Gained mutation: You have a pair of small horns on your
                  | head. [potion of mutation]
  5262 | D:5      | 5262 ||| READING 2 scrolls of identify.
  5262 | D:5      | 5262 ||| IDENTIFYING smoky amethyst potion
  5263 | D:5      | 5263 ||| DROPPING potion of ambrosia.
  5264 | D:5      | 5264 ||| DROPPING potion of degeneration.
  5268 | D:6      | 5268 ||| STAIRDANCE
  5370 | D:6      | 5370 ||| Stepping ~*~*~tactically~*~*~ (stealth).
  5372 | D:6      | 5372 ||| Stepping ~*~*~tactically~*~*~ (hiding).
  5374 | D:6      | 5374 ||| Stepping ~*~*~tactically~*~*~ (hiding).
  5376 | D:6      | 5376 ||| Stepping ~*~*~tactically~*~*~ (stealth).
  5382 | D:6      | 5382 ||| INVOKING Heroism.
  5397 | D:6      | Reached skill level 9 in Axes
  5604 | D:6      | 5604 ||| Stepping ~*~*~tactically~*~*~ (stealth).
  5605 | D:6      | 5605 ||| Stepping ~*~*~tactically~*~*~ (stealth).
  5606 | D:6      | 5606 ||| Stepping ~*~*~tactically~*~*~ (stealth).
  5608 | D:6      | 5608 ||| INVOKING Heroism.
  5614 | D:6      | 5614 ||| Stepping ~*~*~tactically~*~*~ (stealth).
  5989 | D:6      | 5989 ||| READING scroll labelled SIGOAXT SYPHIS.
  6017 | D:7      | Identified the +0 leather armour "Gaec" {Drain rF- rN++
                  | Regen+ Str+9}
  6058 | D:7      | Reached *** piety under Okawaru
  6060 | D:7      | 6060 ||| INVOKING Heroism.
  6061 | D:7      | 6061 ||| Stepping ~*~*~tactically~*~*~ (hiding).
  6062 | D:7      | 6062 ||| Stepping ~*~*~tactically~*~*~ (hiding).
  6081 | D:7      | 6081 ||| FLEEEEING.
  6082 | D:7      | 6082 ||| FLEEEEING.
  6083 | D:7      | 6083 ||| FLEEEEING.
  6084 | D:7      | 6084 ||| FLEEEEING.
  6085 | D:7      | 6085 ||| STAIRDANCE
  6162 | D:7      | 6162 ||| STAIRDANCE
  6195 | D:7      | 6195 ||| STAIRDANCE
  6314 | D:7      | Noticed Joseph
  6316 | D:7      | 6316 ||| FLEEEEING.
  6317 | D:7      | 6317 ||| FLEEEEING.
  6318 | D:7      | 6318 ||| FLEEEEING.
  6319 | D:7      | 6319 ||| FLEEEEING.
  6320 | D:7      | 6320 ||| FLEEEEING.
  6321 | D:7      | 6321 ||| FLEEEEING.
  6322 | D:7      | 6322 ||| FLEEEEING.
  6323 | D:7      | 6323 ||| FLEEEEING.
  6324 | D:7      | 6324 ||| FLEEEEING.
  6325 | D:7      | 6325 ||| FLEEEEING.
  6326 | D:7      | 6326 ||| FLEEEEING.
  6327 | D:7      | 6327 ||| FLEEEEING.
  6328 | D:7      | 6328 ||| STAIRDANCE
  6450 | D:6      | 6450 ||| UPGRADING to +0 plate armour.
  6460 | D:6      | 6460 ||| DROPPING +1 chain mail "Gilizi" {Rampage Str+4}.
  6463 | D:7      | 6463 ||| STAIRDANCE
  6644 | D:7      | 6644 ||| INVOKING Heroism.
  6649 | D:7      | Killed Joseph
  6650 | D:7      | Reached XP level 10. HP: 16/63 MP: 10/13
  6967 | D:7      | Reached skill level 6 in Armour
  7037 | D:7      | Found an opulent altar of Gozag.
  7117 | D:7      | 7117 ||| INVOKING Heroism.
  7237 | D:7      | Found Neimo's Assorted Antiques.
  7240 | D:7      | 7240 ||| BUYING dented beryl amulet (100 gold).
  7240 | D:7      | Bought a dented beryl amulet for 100 gold pieces
  7240 | D:7      | 7240 ||| BUYING gilded ring (100 gold).
  7240 | D:7      | Bought a gilded ring for 100 gold pieces
  7240 | D:7      | 7240 ||| SHOPLISTING potion of mutation (160 gold, have
                  | 98).
  7240 | D:7      | 7240 ||| BUYING scroll of teleportation (60 gold).
  7240 | D:7      | Bought a scroll of teleportation for 60 gold pieces
  7310 | D:7      | Found Foakheu's General Store.
  7339 | D:7      | Noticed Maggie
  7340 | D:7      | 7340 ||| FLEEEEING.
  7351 | D:7      | 7351 ||| INVOKING Heroism.
  7362 | D:7      | Killed Maggie
  7647 | D:7      | 7647 ||| Stepping ~*~*~tactically~*~*~ (stealth).
  7660 | D:7      | Reached skill level 10 in Axes
  7662 | D:7      | 7662 ||| INVOKING Heroism.
  7679 | D:7      | 7679 ||| Stepping ~*~*~tactically~*~*~ (stealth).
  7874 | D:7      | Found Tosuen's Jewellery Boutique.
  7885 | D:7      | 7885 ||| SHOPLISTING +4 ring of evasion (504 gold, have
                  | 60).
  7885 | D:7      | 7885 ||| SHOPLISTING +4 ring of protection (504 gold, have
                  | 60).
  7885 | D:7      | 7885 ||| SHOPLISTING +6 ring of strength (504 gold, have
                  | 60).
  7885 | D:7      | 7885 ||| SHOPLISTING amulet of Ru's Hatred {Reflect Dex+3
                  | SH+5} (606 gold, have 60).
  7885 | D:7      | 7885 ||| SHOPLISTING ring of fire (350 gold, have 60).
  7885 | D:7      | 7885 ||| SHOPLISTING ring of ice (350 gold, have 60).
  7885 | D:7      | 7885 ||| SHOPLISTING ring of protection from cold (350
                  | gold, have 60).
  7906 | D:7      | Identified the +4 hammer of Havoc {pain, Int+7 Dex+3}
  7911 | D:7      | Found a runed translucent door.
  7912 | D:7      | Noticed Crazy Yiuf
  8065 | D:7      | 8065 ||| SHOPLISTING 2 potions of lignification (90 gold,
                  | have 60).
  8065 | D:7      | 8065 ||| SHOPLISTING potion of haste (150 gold, have 60).
  8065 | D:7      | 8065 ||| BUYING potion of lignification (45 gold).
  8065 | D:7      | Bought a potion of lignification for 45 gold pieces
  8065 | D:7      | 8065 ||| SHOPLISTING scroll of identify (30 gold, have 15).
  8150 | D:7      | 8150 ||| Stepping ~*~*~tactically~*~*~ (stealth).
  8292 | D:7      | 8292 ||| UPGRADING to amulet of regeneration.
  8297 | D:7      | 8297 ||| UPGRADING to +4 ring of evasion.
  8298 | D:7      | 8298 ||| UPGRADING to +6 ring of strength.
  8323 | D:8      | Found Lesakami's General Store.
  8330 | D:8      | 8330 ||| SHOPLISTING potion of curing (33 gold, have 15).
  8330 | D:8      | 8330 ||| SHOPLISTING scroll of identify (22 gold, have 15).
  8330 | D:8      | 8330 ||| SHOPLISTING scroll of teleportation (33 gold, have
                  | 15).
  8336 | D:8      | 8336 ||| READING 2 scrolls of enchant weapon.
  8336 | D:8      | 8336 ||| ENCHANTING +1 war axe.
  8337 | D:8      | 8337 ||| READING scroll of enchant weapon.
  8337 | D:8      | 8337 ||| ENCHANTING +2 war axe.
  8348 | D:8      | Found an ornate altar of the Wu Jian Council.
  8350 | D:8      | 8350 ||| INVOKING Heroism.
  8352 | D:8      | Noticed Erica
  8372 | D:8      | Killed Erica
  8372 | D:8      | Reached **** piety under Okawaru
  8395 | D:8      | Noticed Pikel
  8398 | D:8      | 8398 ||| INVOKING Heroism.
  8415 | D:8      | Killed Pikel
  8470 | D:8      | Noticed Maurice
  8479 | D:8      | Killed Maurice
  8554 | D:8      | Noticed Prince Ribbit
  8575 | D:8      | Killed Prince Ribbit
  8689 | D:8      | 8689 ||| Stepping ~*~*~tactically~*~*~ (hiding).
  8694 | D:8      | 8694 ||| Stepping ~*~*~tactically~*~*~ (stealth).
  8738 | D:8      | Found Rogianag's Antique Weapon Emporium.
  8739 | D:8      | 8739 ||| Stepping ~*~*~tactically~*~*~ (hiding).
  8933 | D:8      | Found a shimmering altar of Xom.
  9091 | D:8      | 9091 ||| DROPPING orb of mayhem.
  9115 | D:9      | You fall into a shaft and drop 2 floors!
  9126 | D:11     | Noticed a +0 short sword
  9126 | D:11     | Noticed a +0 dagger
  9126 | D:11     | Noticed a +0 dagger
  9127 | D:11     | Noticed a +0 spear
  9128 | D:11     | Noticed a +0 short sword
  9128 | D:11     | Noticed a +0 spear
  9129 | D:11     | Noticed a +0 falchion
  9129 | D:11     | Noticed a +0 falchion
  9135 | D:10     | Entered Level 10 of the Dungeon
  9144 | D:10     | Reached skill level 6 in Invocations
  9146 | D:10     | Reached XP level 11. HP: 69/69 MP: 15/15
  9163 | D:10     | 9163 ||| INVOKING Heroism.
  9194 | D:10     | 9194 ||| Stepping ~*~*~tactically~*~*~ (stealth).
  9212 | D:10     | Found a blossoming altar of Fedhas.
  9216 | D:9      | Found a stormy altar of Qazlal.
  9237 | D:9      | Found a staircase to the Lair.
  9253 | D:9      | 9253 ||| READING scroll of enchant weapon.
  9253 | D:9      | 9253 ||| ENCHANTING +3 war axe.
  9268 | D:9      | 9268 ||| INVOKING Heroism.
  9269 | D:9      | 9269 ||| Stepping ~*~*~tactically~*~*~ (cloud).
  9272 | D:9      | 9272 ||| Stepping ~*~*~tactically~*~*~ (hiding).
  9278 | D:9      | 9278 ||| Stepping ~*~*~tactically~*~*~ (cloud).
  9281 | D:9      | 9281 ||| Stepping ~*~*~tactically~*~*~ (cloud).
  9370 | D:9      | Found a snail-covered altar of Cheibriados.
  9435 | D:9      | Found a glowing golden altar of the Shining One.
  9520 | D:9      | 9520 ||| INVOKING Heroism.
  9521 | D:9      | 9521 ||| Stepping ~*~*~tactically~*~*~ (stealth).
  9548 | D:9      | Found a large runed translucent door.
  9549 | D:9      | Found a large runed translucent door.
  9595 | D:9      | 9595 ||| INVOKING Heroism.
  9611 | D:9      | Reached ***** piety under Okawaru
  9612 | D:9      | 9612 ||| INVOKING Heroism.
  9968 | D:9      | 9968 ||| READING scroll labelled PIYTOPTO FIGHUOH.
  9983 | D:9      | 9983 ||| READING 6 scrolls of identify.
  9983 | D:9      | 9983 ||| IDENTIFYING sedimented amethyst potion
 10082 | D:9      | 10082 ||| PLANNING LAIR
 10130 | Lair:1   | Entered Level 1 of the Lair of Beasts
 10131 | Lair:1   | 10131 ||| INVOKING Heroism.
 10171 | Lair:1   | Noticed a seven-headed hydra
 10172 | Lair:1   | 10172 ||| INVOKING Heroism.
 10173 | Lair:1   | 10173 ||| SWAPPING to +0 morningstar.
 10179 | Lair:1   | HP: 12/69 [seven-headed hydra (11)]
 10180 | Lair:1   | 10180 ||| READING 3 scrolls of teleportation.
 10180 | Lair:1   | HP: 2/69 [seven-headed hydra (11)]
 10181 | Lair:1   | 10181 ||| DRINKING 2 potions of heal wounds.
 10182 | Lair:1   | 10182 ||| DRINKING potion of heal wounds.
 10185 | Lair:1   | Noticed a six-headed hydra
 10186 | Lair:1   | 10186 ||| READING 2 scrolls of teleportation.
 10187 | Lair:1   | 10187 ||| Stepping ~*~*~tactically~*~*~ (outnumbered).
 10187 | Lair:1   | HP: 10/69 [blink frog (1)]
 10187 | Lair:1   | Slain by a blink frog

Levels and vault maps discovered:
D:1:      onia_arrival_handbag, layout_basic, serial_shops,
          nicolae_diamond_shop, nrook_uturn, minmay_tromino_v4_b
D:2:      layout_basic, hellmonk_ecumenical_altar_inner_sanctum, uniq_sigmund
D:3:      layout_rooms, okawaru_ov_weapons_minmay, serial_shops,
          nicolae_shop_behind_doors
D:4:      layout_loops_ring
D:5:      layout_cave_pools, lightli_temple_of_fire, uniq_eustachio
D:6:      layout_cave_pools, minmay_temple_entry_grid
D:7:      layout_layer_cave, mainiacjoe_overflow_cross_hatched, serial_shops,
          shop, nicolae_inconvenience_store, nicolae_shop_behind_doors,
          uniq_maggie, uniq_joseph, uniq_crazy_yiuf_cottage
D:8:      layout_basic, mainiacjoe_overflow_tiny_flanked,
          nzn_wu_jian_contemplation, serial_shops, nicolae_square_shop,
          nicolae_stop_n_shop_2, kennysheep_big_empty_room, uniq_erica,
          uniq_prince_ribbit1, uniq_maurice, uniq_pikel
D:9:      layout_irregular_city, amcnicky_altar_gilded,
          nicolae_qazlal_general_emergency, tso_metal_star,
          jmf_multi_god_temple2, dpeg_oklobed_lair
D:10:     layout_grid_maze, fedhas_altar_1, nicolae_overflow_two_pavilions,
          serial_bayou, serial_bayou_pond_a, serial_bayou_pond_e,
          serial_bayou_crossing, serial_bayou_pond_d,
          hangedman_abyss_or_decor_slice, hangedman_abyss_or_decor_lesser_grid,
          hellmonk_guarded_unrand_dark_maul
D:11:     minmay_coctagon, layout_stronghold, nicolae_uskayaw_en_pointe,
          uniq_urug
Lair:1:   layout_regular_city, portal_ice_cave_entry_pillars_1,
          ebering_ghost_rock_garden, grunt_megastairs_3

Skill      XL: |  1  2  3  4  5  6  7  8  9 10 11 |
---------------+----------------------------------+-----
Axes           | 2 3 5 6 8 9 10 | 10.9
Throwing       | 3 |  3.9
Fighting       | 4 5 7 8 |  8.6
Dodging        | 1 |  1.2
Invocations    | 1 4 6 7 |  7.5
Armour         | 5 6 |  6.0
Shields        | 4 5 |  5.3

Action                   |  1- 3 |  4- 6 |  7- 9 | 10-12 || total
-------------------------+-------+-------+-------+-------++-------
Melee: War axe           |    97 |   143 |   272 |   181 ||   693
       Headbutt          |       |       |    16 |    40 ||    56
       Morningstar       |       |       |       |     9 ||     9
Throw: Javelin           |     6 |    33 |    55 |    22 ||   116
       Boomerang         |       |       |    23 |     4 ||    27
Invok: Heroism           |       |       |    11 |    12 ||    23
  Use: Scroll            |     4 |     5 |     5 |     7 ||    21
       Potion            |     2 |     3 |     4 |     2 ||    11
Armor: Scale mail        |    51 |    49 |       |       ||   100
       Chain mail        |       |    33 |   153 |       ||   186
       Plate armour      |       |       |     5 |   102 ||   107
Dodge: Dodged            |    43 |    55 |   109 |   111 ||   318
Block: Buckler           |    15 |    29 |    50 |    55 ||   149

Table legend:
 A = Non-vault XP
 B = Vault XP
 C = Vault XP percentage of total XP
 D = Non-vault monster count
 E = Vault monster count
 F = Vault count percentage of total count
                 A         B        C        D         E       F
            +---------+---------+-------+---------+---------+-------
      Total |    8479 |    3499 |  29.2 |     203 |      14 |   6.5
            +---------+---------+-------+---------+---------+-------
        D:1 |      51 |      10 |  16.4 |      29 |       6 |  17.1
        D:2 |     121 |     231 |  65.6 |      29 |       1 |   3.3
        D:3 |      42 |       0 |   0.0 |      19 |       0 |   0.0
        D:4 |     379 |       0 |   0.0 |      18 |       0 |   0.0
        D:5 |    1033 |     196 |  15.9 |      20 |       1 |   4.8
        D:6 |    1527 |       0 |   0.0 |      30 |       0 |   0.0
        D:7 |    1565 |     830 |  34.7 |      23 |       2 |   8.0
        D:8 |     548 |    2232 |  80.3 |      11 |       4 |  26.7
        D:9 |    1589 |       0 |   0.0 |      10 |       0 |   0.0
       D:10 |    1116 |       0 |   0.0 |      12 |       0 |   0.0
     Lair:1 |     508 |       0 |   0.0 |       2 |       0 |   0.0
            +---------+---------+-------+---------+---------+-------
